 Dungeon Crawl Stone Soup version 0.21.1-1-g345015f (webtiles) character file.

5 Flooderbenga the Grave Robber (level 1, -2/13 HPs)
             Began as a Gnoll Necromancer on Apr 26, 2018.
             Slain by a jackal (3 damage)
             ... on level 1 of the Dungeon.
             The game lasted 00:02:57 (153 turns).

Flooderbenga the Grave Robber (Gnoll Necromancer)    Turns: 153, Time: 00:02:58

Health: -2/13      AC:  3    Str: 10    XL:     1   Next: 80%
Magic:  0/6        EV: 14    Int: 22    God:
Gold:   42         SH:  0    Dex: 15    Spells: 7/9 levels left

rFire    . . .     SeeInvis .   (no weapon)
rCold    . . .     Gourm    .   (no shield)
rNeg     . . .     Faith    .   a - +0 robe
rPois    .         Spirit   .   (no helmet)
rElec    .         Reflect  .   g - +0 cloak
rCorr    .         Harm     .   (no gloves)
MR       .....                  (no boots)
Stlth    +++.......             (no amulet)
HPRegen  0.04/turn              (no ring)
MPRegen  0.10/turn              (no ring)

@: brilliant, flying
A: distributed training, fangs 1, strong nose
a: no special abilities


You were on level 1 of the Dungeon.
You were not hungry.

You visited 1 branch of the dungeon, and saw 2 of its levels.

You collected 42 gold pieces.

Inventory:

Armour
 a - a +0 robe (worn)
 g - a +0 cloak (worn)
Scrolls
 e - 2 scrolls of identify {unknown}
 h - a scroll of fear {unknown}
Potions
 d - a potion of haste {unknown}
 f - 2 potions of degeneration {unknown}
 i - a potion of brilliance
Books
 b - a book of Necromancy

   Spells                             Type                      Level
   a - Pain                           Necromancy                   1
   b - Animate Skeleton               Necromancy                   1
   c - Vampiric Draining              Necromancy                   3
   d - Regeneration                   Charms/Necromancy            3
   e - Animate Dead                   Necromancy                   4
   f - Borgnjor's Vile Clutch         Necromancy/Earth             5
Comestibles
 c - a ration


   Skills:
 + Level 0.1 Fighting
 + Level 0.1 Short Blades
 + Level 0.1 Long Blades
 + Level 0.1 Axes
 + Level 0.1 Maces & Flails
 + Level 0.1 Polearms
 + Level 0.1 Staves
 + Level 0.1 Slings
 + Level 0.1 Bows
 + Level 0.1 Crossbows
 + Level 0.1 Throwing
 + Level 0.1 Armour
 + Level 4.4 Dodging
 + Level 4.0 Stealth
 + Level 0.1 Shields
 + Level 0.1 Unarmed Combat
 + Level 4.9 Spellcasting
 + Level 0.1 Conjurations
 + Level 0.1 Hexes
 + Level 0.1 Charms
 + Level 0.1 Summonings
 + Level 7.0 Necromancy
 + Level 0.1 Translocations
 + Level 0.1 Transmutations
 + Level 0.1 Fire Magic
 + Level 0.1 Ice Magic
 + Level 0.1 Air Magic
 + Level 0.1 Earth Magic
 + Level 0.1 Poison Magic
 + Level 0.2 Invocations
 + Level 0.1 Evocations


You had 7 spell levels left.
You knew the following spells:

 Your Spells              Type           Power        Failure   Level  Hunger
a - Pain                  Necr           ####         1%          1    None
z - Animate Skeleton      Necr           N/A          1%          1    None


Dungeon Overview and Level Annotations

Branches:
Dungeon (2/15)

Altars:


Innate Abilities, Weirdness & Mutations

Your experience applies equally to all skills.
You have very sharp teeth.
Your uncanny sense of smell can sniff out nearby items.


Message History

Okay, then.
Unknown command.
You closely miss the jackal. The jackal closely misses you.
You see here a bubbling emerald potion.
It was a potion of flight.
You feel very buoyant.
You fly up into the air.
The jackal completely misses you. The jackal barely misses you.
Okay, then.
Aim: a jackal (chance to defeat MR: 93%)
The jackal writhes in agony!
The jackal misses you. x2
You take 1 damage, and have 1/13 hp.
You now have 0/6 mp.
You see here 2 bubbling dark potions.
It was a potion of brilliance.
You feel clever all of a sudden. The jackal misses you.
The jackal bites you but does no damage.
i - a potion of brilliance The jackal bites you.
You die...

#.....# #......
##########..#.##
#......
#........%.##..#
#......
#.........###..#
#....###
#.........# #..#
#....##
#.........# ##.#
..#..
#.........# ..
.##.#
#.....[?.h# .. #
#........@#
####.###### #..
#.# # ∆


You could see a jackal.

Vanquished Creatures
  A leopard gecko (D:2)
  A hobgoblin (D:2)
  3 rats
5 creatures vanquished.

Notes
Turn   | Place    | Note
-------+----------+-------------------------------------------
     0 | D:1      | Flooderbenga the Gnoll Necromancer began the quest for the Orb.
     0 | D:1      | Reached XP level 1. HP: 13/13 MP: 6/6
   114 | D:1      | Learned a level 1 spell: Animate Skeleton
   153 | D:1      | Slain by a jackal

Action                   || total
-------------------------++-------
Melee: Unarmed           ||     1
 Cast: Pain              ||    13
       Animate Skeleton  ||     1
  Use: Potion            ||     2
Armor: Robe              ||     1
Dodge: Dodged            ||     9
